[Event "*** Titled Tuesday Blitz"]
[Site "Chess.com"]
[Date "2020.05.12"]
[Round "4"]
[White "Shivagami"]
[Black "etesungam"]
[Result "0-1"]
[WhiteElo "2206"]
[BlackElo "2423"]
[TimeControl "180+1"]
[EndTime "10:37:50 PDT"]
[Termination "etesungam won by resignation"]

1. d4 Nf6 2. c4 e6 3. Nc3 d5 4.
cxd5 exd5 5. Bg5 c6 6. e3 Be7 7. Qc2 O-O 8. Bd3 Nbd7 9. f3 g6 10. Nge2 c5 11. dxc5 Nxc5 12. O-O Nxd3 13. Qxd3 Bf5 14. e4 dxe4 15. Qxd8 Bxd8 16. Bxf6 Bxf6 17. fxe4 Bxc3 18. exf5 Be5 19. fxg6 hxg6 20. Rad1 Rac8 21. Rd2 Rc7 22. Rfd1 Kg7 23. Nd4 Re8 24. Nb5 Rc5 25. Nxa7 Ra5 0-1

[Event "*** Titled Tuesday Blitz"]
[Site "Chess.com"]
[Date "2020.05.12"]
[Round "4"]
[White "hedgehog280"]
[Black "Khamrakulov_Djurabek"]
[Result "0-1"]
[WhiteElo "2612"]
[BlackElo "2821"]
[TimeControl "180+1"]
[EndTime "10:37:51 PDT"]
[Termination "Khamrakulov_Djurabek won by resignation"]

1. c4 Nf6 2. Nc3 e5 3. Nf3 Nc6 4. e4 Bb4 5. d3 d6 6. a3 Bxc3+ 7. bxc3 O-O 8. g3 a6 9. Bg2 b5 10. cxb5 axb5 11. O-O h6 12. Be3 Ra4 13. Qb3 Ba6 14. Bd2 Qd7 15. Rfe1 Ra8 16. Nh4 Qe6 17. Qb2 Na5 18. Nf5 Nb3 19. Bh3 Kf8 20. Ra2 Nxd2 21. Qxd2 Bc8 22. Qb2 g6 23. Qd2 Ng8 24. Nxd6 Qxd6 25.
Bxc8 Rxc8 26. Rb2 c6 27. d4 exd4 28. e5 Qd5 29. e6 fxe6 30. Qf4+ Kg7 31. Rbe2 Rf8 32.
Qc7+ Rf7 33. Qc8 d3 34. Rxe6 d2 35. Rd1 Ne7 36. Qe8 Qxe6 0-1

[Event "*** Titled Tuesday Blitz"]
[Site "Chess.com"]
[Date "2020.05.12"]
[Round "4"]
[White "murtas73"]
[Black "Aureliano-Buendia"]
[Result "1-0"]
[WhiteElo "2609"]
[BlackElo "2409"]
[TimeControl "180+1"]
[EndTime "10:37:51 PDT"]
[Termination "murtas73 won by resignation"]

1. d4 d5 2. c4 c6 3. Nc3 Nf6 4. e3 a6 5. Nf3 b5 6. c5 Bg4 7. Qb3 Nbd7 8. a4 Bxf3 9. gxf3 e5 10. Qa3 Rb8 11. axb5 axb5 12. Qa6 Qc7 13. Bd2 exd4 14.
exd4 Be7 15. Qa5 Qc8 16. Bh3 O-O 17. O-O Bd8 18. Qa6 Qc7 19. Na2 Nh5 20. Nb4 Rc8 21. Qxc6 Qxc6 22. Nxc6 f5 23. Nb4 Bf6 24. Nxd5 Bxd4 25.
Ne7+ Kf7 26. Nxc8 Rxc8 27. Bxf5 Nhf6 28. Ra7 Bxc5 29. Bxd7 Rd8 30. Rb7 Rxd7 31. Rxd7+ Nxd7 32.
Be3 Be7 33. Ra1 Ne5 34. Ra5 Nxf3+ 35. Kg2 Ne1+ 36. Kf1 Nf3 37. Rxb5 Nxh2+ 38. Ke2 Ng4 39. Bc5 Bf6 40. b4 h5 41. f3 Ne5 42. Bd4 Ng6 43. Bxf6 gxf6 44. Rc5 Ke6 45. b5 Kd6 46. Rc1 h4 47. b6 Ne5 48. b7 Nd7 49. Rd1+ 1-0

[Event "*** Titled Tuesday Blitz"]
[Site "Chess.com"]
[Date "2020.05.12"]
[Round "4"]
[White "Chuchofrio1"]
[Black "WiktoriaPOL"]
[Result "1-0"]
[WhiteElo "2240"]
[BlackElo "2013"]
[TimeControl "180+1"]
[EndTime "10:37:51 PDT"]
[Termination "Chuchofrio1 won by resignation"]

1. e4 c5 2. Nc3 Nc6 3. Bb5 Nd4 4. Bc4 g6 5. Nge2 Bg7 6. O-O e6 7. d3 Ne7 8. Nxd4 cxd4 9. Ne2 d5 10. exd5 Nxd5 11.
Nf4 Nb6 12. Bb3 O-O 13. Qf3 e5 14. Nd5 Nxd5 15. Bxd5 Bg4 16. Bxf7+ Rxf7 17. Qxg4 Qc7 18. f4 exf4 19. Bxf4 Qxc2 20. Rac1 Qxd3 21. Qe6 Qf5 22. Qc4 Qe4 23. Be5 Rf8 24. Rxf7 Rxf7 25. Rf1 Qxe5 26. Rxf7 Qe3+ 27. Rf2+ Kh8 28. Qc8+ 1-0

[Event "*** Titled Tuesday Blitz"]
[Site "Chess.com"]
[Date "2020.05.12"]
[Round "4"]
[White "Arjun2002"]
[Black "mamey78"]
[Result "1-0"]
[WhiteElo "2667"]
[BlackElo "2354"]
[TimeControl "180+1"]
[EndTime "10:37:52 PDT"]
[Termination "Arjun2002 won by resignation"]

1. e4 e5 2. Nf3 Nc6 3. Bc4 Nf6 4. d3 Be7 5. O-O O-O 6. Re1 d6 7. a4 Kh8 8. h3 Ng8 9. Nc3 f5 10. Nd5 fxe4 11. dxe4 Nf6 12. Ng5 Nxd5 13. Nxh7 Rf4 14. Nf8 Qe8 15. Bxf4 Nxf4 16. g3 Nxh3+ 17. Kg2 Bxf8 18.
Rh1 Qg6 19. f3 Nd4 20. c3 Be6 21. Bxe6 Nxe6 22. Rxh3+ Kg8 23. Qb3 Be7 24. Rah1 b6 25. Rh8+ Kf7 26. Rxa8 Qg5 1-0

[Event "*** Titled Tuesday Blitz"]
[Site "Chess.com"]
[Date "2020.05.12"]
[Round "4"]
[White "tan275"]
[Black "dbrankovic68"]
[Result "1-0"]
[WhiteElo "2190"]
[BlackElo "2396"]
[TimeControl "180+1"]
[EndTime "10:37:52 PDT"]
[Termination "tan275 won by resignation"]

1. d4 Nf6 2. c4 e6 3. g3 Bb4+ 4. Bd2 c5 5. Bxb4 cxb4 6. Bg2 O-O 7. Nf3 d6 8. a3 bxa3 9. Rxa3 Nc6 10. O-O Qe7 11. Nc3 e5 12. d5 Nb4 13. Qb3 a5 14.
Na2 Nxa2 15. Qxa2 b6 16. b4 Qc7 17. Ra1 h6 18. Nd2 Bd7 19. bxa5 bxa5 20. Rxa5 Rxa5 21.
Qxa5 Qb8 22. c5 dxc5 23. Qxc5 Rc8 24. Qa3 Rc2 25. Ne4 Nxe4 26. Bxe4 Rxe2 27. Qa8 Re1+ 28. Kg2 Qxa8 29. Rxa8+ 1-0

[Event "*** Titled Tuesday Blitz"]
[Site "Chess.com"]
[Date "2020.05.12"]
[Round "4"]
[White "kleopl"]
[Black "peixe64"]
[Result "1-0"]
[WhiteElo "2409"]
[BlackElo "2173"]
[TimeControl "180+1"]
[EndTime "10:37:54 PDT"]
[Termination "kleopl won by resignation"]

1. c4 e5 2. Nc3 Nf6 3. Nf3 Nc6 4. e4 Bc5 5. Nxe5 Nxe5 6. d4 Bd6 7. c5 Nc6 8. cxd6 cxd6 9. Bg5 O-O 10. Be2 Re8 11.
f3 h6 12. Bh4 g5 13. Bf2 a6 14.
Qd2 Kg7 15. Be3 b5 16. h4 b4 17. hxg5 bxc3 18. gxf6+ Qxf6 19. Bxh6+ Kg8 20. bxc3 d5 21.
e5 Qg6 22. Bd3 Qg3+ 23. Kf1 d6 24. Bh7+ Kh8 25. Be4 Kg8 26. Bxd5 a5 27. Bxc6 Ba6+ 28. Kg1 1-0

[Event "*** Titled Tuesday Blitz"]
[Site "Chess.com"]
[Date "2020.05.12"]
[Round "4"]
[White "CrushingKings"]
[Black "IMinTheWings"]
[Result "1-0"]
[WhiteElo "2465"]
[BlackElo "2207"]
[TimeControl "180+1"]
[EndTime "10:37:55 PDT"]
[Termination "CrushingKings won by checkmate"]

1. e4 c5 2. d4 cxd4 3. c3 dxc3 4. Nxc3 e6 5. Nf3 a6 6. Bc4 Nc6 7. O-O Nge7 8. Bg5 f6 9. Be3 Ng6 10. Bb3 Be7 11. Nd5 exd5 12. exd5 Nce5 13. d6 Bf8 14.
Nxe5 fxe5 15. f4 exf4 16. Re1 fxe3 17. Rxe3+ Be7 18. Qd4 Rf8 19. dxe7 Nxe7 20. Rae1 d5 21. Qc5 Rf7 22. Bxd5 Be6 23. Bxe6 Rf6 24. Bd7+ Kf8 25. Rxe7 b6 26. Re8+ Kf7 27. Qh5+ g6 28. Qxh7# 1-0

[Event "*** Titled Tuesday Blitz"]
[Site "Chess.com"]
[Date "2020.05.12"]
[Round "4"]
[White "politeplayer"]
[Black "canary2016"]
[Result "0-1"]
[WhiteElo "2188"]
[BlackElo "1930"]
[TimeControl "180+1"]
[EndTime "10:37:55 PDT"]
[Termination "canary2016 won by checkmate"]

1. d4 d5 2. Nf3 Nf6 3. c4 c6 4. e3 Bf5 5. Nc3 e6 6. Be2 Be7 7. O-O Nbd7 8. a3 a5 9. Qb3 Qc7 10. Bd2 O-O 11. Rac1 a4 12. Qa2 Nb6 13. c5 Nbd7 14.
Bd1 e5 15. dxe5 Nxe5 16. Nxe5 Qxe5 17. Nxa4 Ne4 18. Be1 Nxc5 19. Nxc5 Bxc5 20. b4 Bd6 21.
g3 Bh3 22. Bc3 Qe4 23. f3 Qxe3+ 24. Qf2 Qxc1 25. Qd4 f6 26. Re1 Qg5 27. f4 Qg6 28.
Be2 Rae8 29. Bd3 Rxe1+ 30. Bxe1 Qg4 31. Qb2 Qf3 32. Qc2 Bc7 33. Bxh7+ Kh8 34. Bg6 Bb6+ 35. Bf2 Bxf2+ 36. Qxf2 Qd1+ 37. Qf1 Qxf1# 0-1

[Event "*** Titled Tuesday Blitz"]
[Site "Chess.com"]
[Date "2020.05.12"]
[Round "4"]
[White "SergioGarciaFuentes"]
[Black "SerGo055"]
[Result "1/2-1/2"]
[WhiteElo "2172"]
[BlackElo "2553"]
[TimeControl "180+1"]
[EndTime "10:37:56 PDT"]
[Termination "Game drawn by repetition"]

1. Nf3 Nf6 2. g3 d5 3. d4 Bf5 4. Bg2 e6 5. O-O h6 6. c4 c6 7. Nbd2 Be7 8. b3 O-O 9. Bb2 a5 10. a3 Nbd7 11. Rc1 Bh7 12. Re1 Qb6 13. Ne5 Nxe5 14.
dxe5 Nd7 15. cxd5 cxd5 16. e4 dxe4 17. Nxe4 Rfd8 18. Qg4 Bxe4 19. Bxe4 Qxb3 20. Bd4 Nf8 21. Be3 Kh8 22. Rb1 Qxa3 23. Rxb7 Rab8 24. Reb1 Rxb7 25.
Rxb7 a4 26. Kg2 Nh7 27. h4 Nf8 28. Qf4 Kg8 29. Qg4 Kh8 30. Ra7 Qb4 31. Rb7 Qa3 1/2-1/2

[Event "*** Titled Tuesday Blitz"]
[Site "Chess.com"]
[Date "2020.05.12"]
[Round "4"]
[White "aNaartjieZA"]
[Black "smshk35"]
[Result "1-0"]
[WhiteElo "2600"]
[BlackElo "2397"]
[TimeControl "180+1"]
[EndTime "10:37:58 PDT"]
[Termination "aNaartjieZA won by resignation"]

1. e4 c5 2. Nf3 e6 3. d3 d5 4. Nbd2 Nc6 5. g3 Bd6 6. Bg2 Nge7 7. O-O b6 8. Nh4 Bb7 9. f4 Bc7 10. f5 exf5 11. exd5 Nxd5 12. Re1+ Nce7 13. Nxf5 Rb8 14. Nxg7+ Kf8 15. Nh5 Rg8 16. Ne4 Rg6 17. Rf1 Kg8 18.
Nef6+ Nxf6 19. Nxf6+ Kg7 20. Nh5+ Kg8 21. Bxb7 Rxb7 22.
Qf3 Qd5 23. Nf6+ Rxf6 24. Qxf6 Be5 25. Qf3 Qd7 1-0

[Event "*** Titled Tuesday Blitz"]
[Site "Chess.com"]
[Date "2020.05.12"]
[Round "4"]
[White "Steven_Rojas"]
[Black "Sethu0025"]
[Result "0-1"]
[WhiteElo "2350"]
[BlackElo "2741"]
[TimeControl "180+1"]
[EndTime "10:37:59 PDT"]
[Termination "Sethu0025 won by resignation"]

1. c4 e5 2. Nc3 Nf6 3. Nf3 Nc6 4. e3 Bb4 5. Qc2 Bxc3 6. Qxc3 Qe7 7. d4 Ne4 8. Qd3 exd4 9. Nxd4 O-O 10. Be2 Qb4+ 11.
Kf1 Qe7 12. Nxc6 dxc6 13. f3 Nc5 14. Qc3 Be6 15. b3 a5 16. Bb2 f6 17. Kf2 Rfd8 18.
Rad1 b6 19. Rhe1 Bf7 20. Bf1 Rd7 21. Rxd7 Qxd7 22. Qd4 Qe7 23. Rd1 a4 24. Qc3 axb3 25. axb3 Be6 26. g3 h5 27. Bg2 Ra2 28. Rd2 Bf5 29.
e4 Bg6 30. Qe3 Kh7 31. h4 b5 32. Re2 Qd6 33. b4 Nd3+ 34. Kg1 Rxb2 0-1

[Event "*** Titled Tuesday Blitz"]
[Site "Chess.com"]
[Date "2020.05.12"]
[Round "4"]
[White "tsvet2005"]
[Black "VishnuPrasanna"]
[Result "0-1"]
[WhiteElo "2487"]
[BlackElo "2693"]
[TimeControl "180+1"]
[EndTime "10:38:00 PDT"]
[Termination "VishnuPrasanna won by resignation"]

1. d4 Nf6 2. c4 g6 3. Nc3 Bg7 4. e4 d6 5. Be2 O-O 6. Be3 Nc6 7.
h3 e5 8. d5 Nd4 9. Bxd4 exd4 10.
Qxd4 Re8 11. Qd3 Nd7 12. Nf3 Nc5 13. Qc2 Bxc3+ 14. bxc3 Nxe4 15. O-O Qf6 16. Nd4 Bd7 17. Bd3 Nc5 18. Rae1 Qf4 19. Ne2 Qg5 20. Ng3 Ba4 21.
Qb1 Rxe1 22. Rxe1 Qd2 23. Bf1 Qxc3 24. Re7 Qf6 25. Rxc7 Re8 26. Rxc5 dxc5 27. Qxb7 Qb6 28. Qxb6 axb6 29. Ne2 Kf8 30. Nc3 Bd7 31. Be2 Ke7 32. f4 Ra8 33. Bd1 f5 34. Kf2 Kd6 35. g4 Ra3 36. Bb3 fxg4 37. hxg4 h5 38. gxh5 gxh5 39. Kg3 Ra8 40. Ne4+ Ke7 41. Bd1 Rxa2 42. Bxh5 Rc2 43. d6+ Kf8 44. Nf6 Bc6 45. Bf3 Rc3 46. d7 Rxf3+ 47. Kg4 Rd3 48. Nd5 Bxd7+ 0-1

[Event "*** Titled Tuesday Blitz"]
[Site "Chess.com"]
[Date "2020.05.12"]
[Round "4"]
[White "Vusatiuk_Vladimir"]
[Black "GM_LOADING"]
[Result "1-0"]
[WhiteElo "2322"]
[BlackElo "2465"]
[TimeControl "180+1"]
[EndTime "10:38:01 PDT"]
[Termination "Vusatiuk_Vladimir won by resignation"]

1. e4 e5 2. Nf3 Nc6 3. d4 exd4 4. Nxd4 Nf6 5. Nxc6 bxc6 6. e5 Qe7 7. Qe2 Nd5 8. h4 Qe6 9. Nd2 Nb4 10. Nf3 Ba6 11.
c4 d5 12. Nd4 Qd7 13. e6 fxe6 14. Nxe6 Bxc4 15. Qh5+ g6 16. Qe5 Qe7 17. Bg5 Nc2+ 18. Kd1 Nxa1 19. Bxe7 Bxe7 20. Qxh8+ Kd7 21. Qxa8 1-0

[Event "*** Titled Tuesday Blitz"]
[Site "Chess.com"]
[Date "2020.05.12"]
[Round "4"]
[White "vanea_03"]
[Black "TigrVShlyape"]
[Result "1/2-1/2"]
[WhiteElo "2629"]
[BlackElo "2823"]
[TimeControl "180+1"]
[EndTime "10:38:02 PDT"]
[Termination "Game drawn by repetition"]

1. d4 Nf6 2. c4 e6 3. g3 d5 4. Bg2 Bb4+ 5. Bd2 Be7 6. Nf3 O-O 7.
O-O c6 8. Qc2 Nbd7 9. Rc1 Ne4 10. Be1 f5 11. b4 a6 12. Nbd2 Bf6 13. Rab1 g5 14. Nb3 g4 15. Nfd2 Nd6 16. a4 Bg7 17. e3 Nf6 18. b5 axb5 19. axb5 dxc4 20. Nxc4 Nxb5 21. Nc5 Re8 22. Ra1 Rb8 23. Ba5 Qe7 24. Nd3 Nd5 25. Nce5 Qf6 26. Bd2 h5 27. h4 Rd8 28. Ba5 Re8 29. Bd2 Nd6 30. Rcb1 Nb5 31. Rc1 1/2-1/2

[Event "*** Titled Tuesday Blitz"]
[Site "Chess.com"]
[Date "2020.05.12"]
[Round "4"]
[White "ChristopherYoo"]
[Black "VincentKeymer"]
[Result "0-1"]
[WhiteElo "2897"]
[BlackElo "2722"]
[TimeControl "180+1"]
[EndTime "10:38:03 PDT"]
[Termination "VincentKeymer won on time"]

1. e4 c6 2. Nc3 d5 3. Nf3 dxe4 4. Nxe4 Nf6 5. Ng3 g6 6. b3 Bg7 7. Bb2 O-O 8. Be2 a5 9. a4 Na6 10. O-O Nb4 11. Ne5 Qc7 12. d4 Nd7 13. Nc4 Rd8 14. c3 Nd5 15. Bf3 e5 16. Ne4 exd4 17. cxd4 N7f6 18. Nc5 h5 19. Ne5 Bf5 20. Rc1 Re8 21. Re1 Rad8 22. g3 h4 23. Bg2 h3 24. Bf3 Nh7 25. Bg4 Bc8 26. Bxc8 Qxc8 27. Qg4 Qxg4 28. Nxg4 Ng5 29. Rxe8+ Rxe8 30. Kf1 Nf3 0-1

[Event "*** Titled Tuesday Blitz"]
[Site "Chess.com"]
[Date "2020.05.12"]
[Round "4"]
[White "wonderfultime"]
[Black "Quaternitychess"]
[Result "0-1"]
[WhiteElo "2931"]
[BlackElo "2594"]
[TimeControl "180+1"]
[EndTime "10:38:03 PDT"]
[Termination "Quaternitychess won on time"]

1. d4 d5 2. Nf3 Bf5 3. Bf4 e6 4. e3 Bd6 5. Bg3 Nf6 6. Bd3 Ne4 7. c4 c6 8. O-O Nxg3 9. hxg3 Bg4 10. Nc3 Nd7 11. Qb3 Rb8 12. Rfe1 O-O 13. Rac1 Qf6 14. Nh2 Bh5 15. Be2 Bg6 16. Qd1 dxc4 17. Bxc4 e5 18. d5 e4 19. Rc2 Ne5 20. Ng4 Qg5 21. Nxe5 Bxe5 22. dxc6 bxc6 23. Rd2 h5 24. Bb3 Rbd8 25.
Rxd8 Rxd8 26. Qe2 h4 27. gxh4 Qxh4 28. g3 Bxg3 29. fxg3 Qxg3+ 30. Kf1 Rd6 31. Qa6 Bf5 32. Bxf7+ Kh7 0-1

[Event "*** Titled Tuesday Blitz"]
[Site "Chess.com"]
[Date "2020.05.12"]
[Round "4"]
[White "ValeriyGrinev"]
[Black "czasnaszachy"]
[Result "1-0"]
[WhiteElo "2542"]
[BlackElo "2354"]
[TimeControl "180+1"]
[EndTime "10:38:03 PDT"]
[Termination "ValeriyGrinev won by resignation"]

1. c4 d6 2. Nc3 g6 3. d4 Bg7 4. e4 Nf6 5. f3 O-O 6. Be3 Nc6 7. Qd2 a6 8. Rc1 e5 9. Nge2 exd4 10.
Nxd4 Nxd4 11. Bxd4 Rb8 12. Be2 Bd7 13. O-O b5 14. c5 Ne8 15. Bxg7 Kxg7 16. cxd6 Nxd6 17. Nd5 c6 18. Qd4+ f6 19. Nxf6 Qxf6 20. e5 Qf4 21. Rfd1 Qxd4+ 22. Rxd4 Nf5 23. Rxd7+ Rf7 24. Rxf7+ Kxf7 25. Rxc6 Nd4 26. Rc7+ Ke6 27. Bd3 Rd8 28. Kf2 Kxe5 29.
Rxh7 Nxf3 30. Bxg6 Ng5 31. Ra7 Rd2+ 32. Kg3 Rxb2 33.
Rxa6 Ne4+ 34. Bxe4 Kxe4 35. h4 Rc2 36. h5 Rc3+ 37. Kg4 Rc7 38. h6 Ke3 39. Kh5 Kf4 40. g4 Rc5+ 41. Kh4 Rc1 42. Rf6+ Ke5 43. g5 Rh1+ 44. Kg4 Rg1+ 45. Kh5 Rh1+ 46. Kg6 b4 47. Rb6 Rh2 48. h7 Rxh7 49. Kxh7 1-0

[Event "*** Titled Tuesday Blitz"]
[Site "Chess.com"]
[Date "2020.05.12"]
[Round "4"]
[White "SahaNeelash"]
[Black "BIG_Pirate"]
[Result "1-0"]
[WhiteElo "2521"]
[BlackElo "2309"]
[TimeControl "180+1"]
[EndTime "10:38:03 PDT"]
[Termination "SahaNeelash won on time"]

1. d4 d5 2. Bf4 Nf6 3. e3 c5 4. c3 Qb6 5. Qb3 c4 6. Qc2 g6 7. Nd2 Bf5 8. Qc1 Nc6 9. h3 h5 10. Ngf3 Bg7 11. Be2 O-O 12. O-O Qd8 13. Bd1 b5 14. Re1 b4 15. Ba4 bxc3 16. Bxc6 cxd2 17. Nxd2 Rc8 18. Bb7 Rc7 19. Bxc7 Qxc7 20. e4 dxe4 21. Bxe4 Nxe4 22. Nxe4 Bxd4 23. Qc2 Rb8 24. Rab1 Qf4 25.
b3 cxb3 26. axb3 Rc8 27. Qe2 e5 28. g3 Qh6 29. Rbd1 Kg7 30. Nd6 1-0

[Event "*** Titled Tuesday Blitz"]
[Site "Chess.com"]
[Date "2020.05.12"]
[Round "4"]
[White "AsaHoffmann"]
[Black "DonPreuss"]
[Result "0-1"]
[WhiteElo "2390"]
[BlackElo "2183"]
[TimeControl "180+1"]
[EndTime "10:38:03 PDT"]
[Termination "DonPreuss won by resignation"]

1. d4 Nc6 2. e3 e5 3. d5 Nce7 4. c4 Ng6 5. Nc3 d6 6. Bd3 f5 7. f3 Nf6 8. Qc2 Be7 9. h4 O-O 10. Bxf5 e4 11. Bxg6 hxg6 12. f4 Nh5 13. Nge2 Bxh4+ 14.
Kd1 Bg4 15. Bd2 Ng3 16. Rg1 Qe7 17. Be1 Rae8 18. Bxg3 Bxg3 19. Qd2 g5 20. Kc2 gxf4 21.
Nxf4 Rxf4 22. exf4 e3 23. Qd3 Rf8 24. Rgf1 Bf5 25.
Rae1 Bxd3+ 26. Kxd3 Bxf4 27. Rf3 Bh6 28. Ne4 Qe5 29.
Rxf8+ Kxf8 30. Rf1+ Kg8 31. Rf3 Qxb2 32. Nc3 Qd2+ 33.
Ke4 Qxc3 34. Kf5 Qd2 35. Ke6 e2 36. Kd7 e1=Q 0-1

[Event "*** Titled Tuesday Blitz"]
[Site "Chess.com"]
[Date "2020.05.12"]
[Round "4"]
[White "Kildepiotr"]
[Black "emiliocordova"]
[Result "1-0"]
[WhiteElo "2545"]
[BlackElo "2848"]
[TimeControl "180+1"]
[EndTime "10:38:04 PDT"]
[Termination "Kildepiotr won by resignation"]

1. Nf3 Nf6 2. g3 b6 3. Bg2 Bb7 4. O-O e6 5. c4 Be7 6. Nc3 c5 7. d3 O-O 8. e4 d6 9. Ne1 Nc6 10. f4 Nd7 11. Nc2 Nd4 12. Nxd4 cxd4 13. Ne2 e5 14. f5 a5 15. h4 Nc5 16. b3 h6 17.
Kh2 Bf6 18. Ng1 Bc6 19. Nf3 b5 20. Kh3 bxc4 21. bxc4 Kh7 22. g4 g6 23. g5 Bg7 24.
f6 Bh8 25. Kg3 Bd7 26. Ba3 Rc8 27. Bxc5 Rxc5 28. Rb1 Qc8 29. Rb6 Rc6 30. Qb1 Qc7 31. Rb7 Qc8 32. Qb2 Bg4 33. Rb1 Bh5 34. Bh3 Qd8 35.
Re7 Rc7 36. Rxc7 Qxc7 37. Qb7 Qc5 38. Qe7 Bg7 39. fxg7 Kxg7 40. gxh6+ 1-0

[Event "*** Titled Tuesday Blitz"]
[Site "Chess.com"]
[Date "2020.05.12"]
[Round "4"]
[White "Atanejhad"]
[Black "Chess2019Player"]
[Result "0-1"]
[WhiteElo "2442"]
[BlackElo "2190"]
[TimeControl "180+1"]
[EndTime "10:38:04 PDT"]
[Termination "Chess2019Player won on time"]

1. e4 e6 2. d4 d5 3. Nd2 Be7 4. e5 c5 5. c3 cxd4 6. cxd4 Qb6 7. Nb3 Bd7 8. f4 Nh6 9. Nf3 Bb5 10. Bxb5+ Qxb5 11.
Qe2 Qxe2+ 12. Kxe2 Nc6 13. a3 O-O 14. Bd2 a5 15. Rac1 Rfc8 16. Kd3 a4 17. Nc5 b6 18.
Nd7 Bd8 19. Bb4 Ra7 20. Nb8 Nxb4+ 21. axb4 Rxb8 22. Rc6 Rc7 23. Rhc1 Rxc6 24. Rxc6 Nf5 0-1

[Event "*** Titled Tuesday Blitz"]
[Site "Chess.com"]
[Date "2020.05.12"]
[Round "4"]
[White "AndrewMaco"]
[Black "rpragchess"]
[Result "1-0"]
[WhiteElo "2560"]
[BlackElo "2883"]
[TimeControl "180+1"]
[EndTime "10:38:05 PDT"]
[Termination "AndrewMaco won by resignation"]

1. e4 c5 2. Nf3 e6 3. g3 Nc6 4. Bg2 Nf6 5. Nc3 d6 6. O-O Be7 7. Qe2 O-O 8. e5 dxe5 9. Nxe5 Nd4 10. Qd1 Qc7 11. Re1 Bd6 12. Nc4 e5 13. h3 Rb8 14. a4 e4 15. Nxd6 Qxd6 16. d3 exd3 17. Bf4 Qb6 18. Bxb8 dxc2 19. Qc1 Bf5 20. Be5 Nb3 21.
Qf4 Bg6 22. Bxf6 Qxf6 23. Qxf6 gxf6 24. Be4 Bxe4 25. Nxe4 Rd8 26. Nc3 a6 27. Rac1 Rd2 28.
Kg2 b5 29. axb5 axb5 30. Nxb5 Nxc1 31. Rxc1 1-0

[Event "*** Titled Tuesday Blitz"]
[Site "Chess.com"]
[Date "2020.05.12"]
[Round "4"]
[White "OhanyanEminChess"]
[Black "hongnhung1234"]
[Result "1-0"]
[WhiteElo "2474"]
[BlackElo "2244"]
[TimeControl "180+1"]
[EndTime "10:38:05 PDT"]
[Termination "OhanyanEminChess won by checkmate"]

1. e4 c5 2. Nf3 e6 3. d4 cxd4 4.
Nxd4 Nc6 5. Nc3 Qc7 6. Be3 a6 7.
f3 Nf6 8. Qd2 b5 9. O-O-O Bb7 10. g4 Be7 11. h4 b4 12. Na4 Nxd4 13. Bxd4 d5 14. Nb6 Rd8 15. e5 Nd7 16. Nxd7 Qxd7 17. Bd3 Qa4 18. Kb1 O-O 19. f4 Kh8 20. f5 b3 21. c3 Qxa2+ 22. Kc1 Rc8 23. f6 Bd8 24. Bb1 Qa1 25. Qd3 g6 26. h5 Kg8 27. hxg6 fxg6 28.
Rxh7 Qxb1+ 29. Kxb1 Kxh7 30. Rh1+ Kg8 31. Qxg6# 1-0

[Event "*** Titled Tuesday Blitz"]
[Site "Chess.com"]
[Date "2020.05.12"]
[Round "4"]
[White "Tsyhanchuk_Stanislav"]
[Black "manuellarrea"]
[Result "0-1"]
[WhiteElo "2529"]
[BlackElo "2200"]
[TimeControl "180+1"]
[EndTime "10:38:05 PDT"]
[Termination "manuellarrea won by resignation"]

1. d4 Nf6 2. c4 e6 3. Nc3 d5 4. cxd5 exd5 5. Bg5 c6 6. e3 Bd6 7.
Bd3 Nbd7 8. Qc2 Nf8 9. Nge2 Ng6 10. h3 h6 11. Bxg6 hxg5 12. Bd3 g4 13. h4 Be6 14.
g3 Qd7 15. a3 O-O-O 16. O-O-O Kb8 17. Kb1 Rc8 18. Rc1 a6 19. Qb3 Ka7 20. Na4 Bf5 21.
Nc5 Bxc5 22. Rxc5 Ne4 23. Qc2 g6 24. Ra5 Nxf2 25. Bxf5 gxf5 26. Rf1 Ne4 27. Ka1 b6 28. Ra4 c5 29. dxc5 Rxc5 30. Qd3 Qxa4 31. Nd4 Rhc8 32.
Nxf5 Rc1+ 33. Rxc1 Rxc1+ 34. Ka2 Qc4+ 35. Qxc4 dxc4 36. h5 Rh1 0-1

[Event "*** Titled Tuesday Blitz"]
[Site "Chess.com"]
[Date "2020.05.12"]
[Round "4"]
[White "RaunakSadhwani2005"]
[Black "Abund"]
[Result "1-0"]
[WhiteElo "2835"]
[BlackElo "2621"]
[TimeControl "180+1"]
[EndTime "10:38:06 PDT"]
[Termination "RaunakSadhwani2005 won on time"]

1. e4 c5 2. Nc3 Nc6 3. Bb5 Nd4 4.
Nf3 a6 5. Bd3 Nc6 6. O-O d6 7.
b3 g6 8. Bb2 Bg7 9. h3 Nf6 10.
Re1 e5 11. Bf1 O-O 12. a4 Ne8 13. Bc4 Nc7 14. Nd5 Nxd5 15. exd5 Ne7 16. c3 b6 17. d4 f6 18. dxe5 fxe5 19. Ng5 h6 20. Ne6 Bxe6 21. dxe6 d5 22. Be2 Qd6 23. c4 d4 24. Bg4 h5 25.
Bf3 Rad8 26. a5 Qxe6 27. axb6 Qxb6 28. Qd3 Nf5 29. Ra3 Rd6 30. Rea1 Rb8 31. Bc1 Kh8 32. Bd2 Qc7 33. Be4 Qf7 34. Rxa6 Rxa6 35. Rxa6 Qf8 36.
Rxg6 Nh4 37. Rg5 Qf7 38. g3 1-0

[Event "*** Titled Tuesday Blitz"]
[Site "Chess.com"]
[Date "2020.05.12"]
[Round "4"]
[White "Milchone1"]
[Black "marszach123"]
[Result "1-0"]
[WhiteElo "2490"]
[BlackElo "2180"]
[TimeControl "180+1"]
[EndTime "10:38:06 PDT"]
[Termination "Milchone1 won on time"]

1. Nf3 Nf6 2. c4 e6 3. g3 d5 4. Bg2 Be7 5. O-O O-O 6. d4 dxc4 7. Qa4 a6 8. Qxc4 b5 9. Qc2 Bb7 10. Bd2 Nbd7 11. Ba5 Nb6 12. Nbd2 Rc8 13. b4 Bd5 14. Rfd1 Nc4 15. Nxc4 Bxc4 16. Ne5 Bd5 17. e4 Bb7 18.
Nc6 Bxc6 19. Qxc6 Qd6 20. Rac1 Nd7 21. e5 Qxc6 22. Rxc6 Nb6 23. Bf1 Rfd8 24. a3 f6 25. Bxb6 cxb6 26. Rxe6 Kf7 27. Bh3 fxe5 28. Rxe5 Rc3 29.
d5 Rxa3 30. Be6+ Kf6 31. Rf5+ Kg6 32. Rf7 Bxb4 33. Kg2 a5 34. h4 Bc5 35. Rd2 a4 36. g4 h5 37. g5 b4 38. f4 b3 39. f5+ Kh7 40. f6 Ra2 41. Rxg7+ Kh8 42. Rxa2 bxa2 43.
g6 1-0

[Event "*** Titled Tuesday Blitz"]
[Site "Chess.com"]
[Date "2020.05.12"]
[Round "4"]
[White "Andreikka"]
[Black "SamuelGhimpu2003"]
[Result "1-0"]
[WhiteElo "2943"]
[BlackElo "2708"]
[TimeControl "180+1"]
[EndTime "10:38:07 PDT"]
[Termination "Andreikka won by resignation"]

1. c4 Nf6 2. Nc3 g6 3. e4 c5 4.
Nf3 Bg7 5. d4 cxd4 6. Nxd4 d6 7.
Be2 Nc6 8. Be3 O-O 9. O-O Bd7 10. f3 Nxd4 11. Bxd4 a5 12. Qd2 Bc6 13. Rfc1 Nd7 14. Be3 Nc5 15. Rab1 Qb6 16. b3 Qb4 17. Nd5 Bxd5 18.
cxd5 Rfc8 19. Rc2 Rab8 20. Rbc1 Qa3 21. Bb5 h5 22. g3 Rc7 23. Rc4 Rbc8 24. R1c2 Bf6 25.
Kg2 h4 26. Qd1 hxg3 27. Bc1 Qb4 28. Rxb4 axb4 29. hxg3 Ra8 30. Be3 Ra5 31. Be2 Bc3 32.
Bd4 1-0

[Event "*** Titled Tuesday Blitz"]
[Site "Chess.com"]
[Date "2020.05.12"]
[Round "4"]
[White "ZoltanChef"]
[Black "Redbandit87"]
[Result "0-1"]
[WhiteElo "2134"]
[BlackElo "2371"]
[TimeControl "180+1"]
[EndTime "10:38:07 PDT"]
[Termination "Redbandit87 won on time"]

1. e4 d5 2. exd5 Qxd5 3. Nf3 Nf6 4. d4 a6 5. c4 Qd8 6. Nc3 Bf5 7. Be2 e6 8. O-O Be7 9. Ne5 Nbd7 10. Bf3 c6 11. Qb3 Qc8 12. Na4 O-O 13. Bg5 Rb8 14. Bf4 b5 15. Nxd7 Nxd7 16. cxb5 Rxb5 17. Qd1 Nf6 18. Rc1 Nd5 19. Be5 Qb7 20. b3 Rd8 21. Nc3 Ba3 22.
Nxb5 cxb5 23. Rc3 Nxc3 24. Bxb7 Nxd1 25. Rxd1 f6 26. Bf4 e5 0-1